Washington Capitals vs Chicago Black Hawks
Created - Friday, June 2, 2023 at 18:21
Goals
|
| Washington Capitals |
2 |
3 |
1 |
6 |
| Chicago Black Hawks |
3 |
1 |
1 |
5 |
|
Shots
|
| Washington Capitals |
10 |
17 |
11 |
38 |
| Chicago Black Hawks |
18 |
6 |
16 |
40 |
|
1st period
1. Chicago Black Hawks , Vladimir Tarasenko 12 (Nikolaj Ehlers 17, Bo Horvat 31) at 3:23
2. Washington Capitals , Nico Hischier 17 (Jason Robertson 31, Brad Marchand 33) at 5:33
3. Chicago Black Hawks , Steven Stamkos 41 (Matt Duchene 38, Vladimir Tarasenko 26) at 6:43 (PP)
4. Chicago Black Hawks , Matthew Tkachuk 17 (Bo Horvat 32) at 16:00 (PP)
5. Washington Capitals , Nico Hischier 18 (Jason Robertson 32, Brad Marchand 34) at 17:18
Penalties :
Jordan Kyrou (WSH) for Hooking (Minor) at 6:35, Jason Robertson (WSH) for Tripping (Minor) at 8:49, Ian Cole (WSH) for Holding (Minor) at 15:22
2nd period
6. Washington Capitals , Jason Robertson 23 (Brad Marchand 35, Nico Hischier 27) at 14:08
7. Washington Capitals , Alex Ovechkin 24 (Nikita Zaitsev 13, Connor Murphy 12) at 17:12
8. Washington Capitals , Erik Cernak 7 (John Carlson 37, Jason Robertson 33) at 18:17
9. Chicago Black Hawks , Travis Konecny 24 (Chris Kreider 24, Nicolas Hague 5) at 18:29
Penalties :
Erik Cernak (WSH) for Tripping (Minor) at 0:27, Lawson Crouse (CHI) for Roughing (Minor) at 4:39
3rd period
10. Chicago Black Hawks , Steven Stamkos 42 (Matt Duchene 39, Vladimir Tarasenko 27) at 8:36 (PP)
11. Washington Capitals , Jordan Kyrou 9 (Drake Batherson 13, John Carlson 38) at 9:45
Penalties :
Barrett Hayton (WSH) for Hooking (Minor) at 8:21
Goalie Stats
Vitek Vanecek (WSH), 35 saves from 40 shots - (0.875), W, 4-2-3, 60:00 minutes
Jordan Binnington (CHI), 32 saves from 38 shots - (0.842), L, 9-6-1, 59:05 minutes
Players Stats for Washington Capitals
Player Name G A P +/- PIM S H SB GA TA FO MP PP MP PK MP
------------------------------------------------------------------------------------
Alex Ovechkin 1 0 1 0 0 3 0 0 1 0 0/1 17:49 1:02 0:00
Barrett Hayton 0 0 0 0 2 0 0 0 0 1 6/9 14:32 0:57 1:45
Brad Marchand 0 3 3 4 0 3 1 0 0 1 0/0 20:50 0:57 3:14
Brayden Point 0 0 0 0 0 4 3 0 0 0 12/20 17:49 1:02 0:00
Connor Murphy 0 1 1 -1 0 3 3 0 0 2 0/0 20:58 0:58 2:37
Drake Batherson 0 1 1 0 0 2 5 0 0 0 0/0 11:07 0:00 0:00
Erik Cernak 1 0 1 4 2 3 2 2 0 3 0/0 26:31 1:01 1:21
Fabian Zetterlund 0 0 0 0 0 0 1 0 0 0 0/0 8:29 0:00 0:00
Ian Cole 0 0 0 1 2 1 3 0 0 0 0/0 12:29 0:00 1:01
Isac Lundestrom 0 0 0 0 0 0 0 1 0 0 3/6 13:32 0:00 3:11
Jason Robertson 1 3 4 4 2 3 0 0 1 0 0/1 16:27 0:57 0:00
John Carlson 0 2 2 4 0 3 2 2 0 1 0/0 25:39 1:01 0:14
Jordan Kyrou 1 0 1 0 2 2 1 0 1 0 0/0 11:16 0:00 0:10
Nick Jensen 0 0 0 1 0 1 0 0 0 0 0/0 14:27 0:00 1:49
Nico Hischier 2 1 3 4 0 2 0 0 2 0 10/19 16:49 0:00 1:38
Nikita Zaitsev 0 1 1 -1 0 4 2 1 0 0 0/0 19:54 0:58 2:56
Owen Tippett 0 0 0 0 0 0 0 0 0 1 0/2 8:29 0:00 0:00
Patrick Kane 0 0 0 0 0 4 2 0 2 0 2/3 17:49 1:02 0:00
Players Stats for Chicago Black Hawks
Player Name G A P +/- PIM S H SB GA TA FO MP PP MP PK MP
------------------------------------------------------------------------------------
Bo Horvat 0 2 2 0 0 2 1 1 0 1 7/10 17:15 2:12 0:49
Brent Burns 0 0 0 -2 0 1 0 1 0 2 0/0 24:03 3:23 0:50
Bryan Rust 0 0 0 -1 0 3 0 0 1 0 0/0 8:19 0:00 0:00
Chris Kreider 0 1 1 0 0 0 1 2 0 0 1/1 17:21 2:12 0:55
Devon Toews 0 0 0 -2 0 0 0 1 0 1 0/0 21:57 1:36 1:09
Lawson Crouse 0 0 0 -1 2 2 1 0 0 0 1/1 8:21 0:00 0:00
Matt Duchene 0 2 2 -2 0 1 1 0 1 0 0/1 19:48 2:47 0:00
Matthew Tkachuk 1 0 1 -2 0 6 3 2 0 0 0/0 22:03 2:12 0:40
Mikhail Sergachev 0 0 0 -2 0 0 1 3 0 0 0/0 20:02 1:36 0:50
Nicolas Hague 0 1 1 0 0 1 2 0 0 0 0/0 15:08 0:00 0:00
Nikolaj Ehlers 0 1 1 -1 0 8 1 0 1 0 0/0 12:17 0:00 0:00
Phillip Danault 0 0 0 -1 0 0 1 1 1 1 2/5 12:17 0:00 0:00
Pius Suter 0 0 0 -1 0 2 0 0 0 0 2/5 9:19 0:00 1:00
Rasmus Andersson 0 0 0 0 0 1 2 0 0 0 0/0 15:37 0:00 0:00
Seth Jones 0 0 0 -2 0 0 1 2 0 2 0/0 23:13 3:23 1:09
Steven Stamkos 2 0 2 -2 0 4 2 0 3 0 14/35 20:56 2:47 0:00
Travis Konecny 1 0 1 0 0 6 5 0 1 0 1/2 13:48 0:00 0:34
Vladimir Tarasenko 1 2 3 -1 0 3 1 0 1 0 0/1 16:16 2:47 0:00
3 Stars
1 - Nico Hischier (WSH)
2 - Jason Robertson (WSH)
3 - Brad Marchand (WSH)
Power Play
Washington Capitals - 0 on 1 Attempt(s) - 0.00%
Chicago Black Hawks - 3 on 5 Attempt(s) - 60.00%
Penalty Kill
Washington Capitals - 2 on 5 Attempt(s) - 40.00%
- Score 0 goal in Penalty Kill
Chicago Black Hawks - 1 on 1 Attempt(s) - 100.00%
- Score 0 goal in Penalty Kill
Team Stat
Washington Capitals - Hits : 25 - Faceoff Wins : 33 - Blocked Shots : 6 - Penalty Minutes : 10
Chicago Black Hawks - Hits : 23 - Faceoff Wins : 28 - Blocked Shots : 13 - Penalty Minutes : 2
Official
Referees : Kyle Rehman and Chris Lee
Linesman : Steve Barton and Don Henderson
Game Notes
No Game Note
Finance
Level 1 -- Attendance: 4825 (80.42%) -- Ticket Income $482,500
Level 2 -- Attendance: 3975 (79.50%) -- Ticket Income $238,500
Level 3 -- Attendance: 2672 (89.07%) -- Ticket Income $93,520
Level 4 -- Attendance: 3891 (77.82%) -- Ticket Income $97,275
Luxury Box -- Attendance: 863 (86.30%) -- Ticket Income $172,600
Game was played at the United Center.
Total Attendance: 16226 (81.13%)
Total Ticket Income: $1,084,395
Other Income: $379,538
Total Income: $1,463,933
Washington Capitals
5 vs 5 Forward
Center Left Wing Right Wing Time % Phy DF OF
1 Brayden Point Alex Ovechkin Patrick Kane 40 1 2 2
2 Nico Hischier Brad Marchand Jason Robertson 30 1 2 2
3 Barrett Hayton Jordan Kyrou Drake Batherson 20 1 2 2
4 Isac Lundestrom Fabian Zetterlund Owen Tippett 10 1 2 2
5 vs 5 Defense
Defense Defense Time % Phy DF OF
1 John Carlson Erik Cernak 40 1 2 2
2 Connor Murphy Nikita Zaitsev 30 1 2 2
3 Ian Cole Nick Jensen 20 1 2 2
4 John Carlson Erik Cernak 10 1 2 2
PowerPlay Forward
Center Left Wing Right Wing Time % Phy DF OF
1 Brayden Point Alex Ovechkin Patrick Kane 60 1 2 2
2 Barrett Hayton Brad Marchand Jason Robertson 40 1 2 2
PowerPlay Defense
Defense Defense Time % Phy DF OF
1 John Carlson Erik Cernak 60 1 2 2
2 Connor Murphy Nikita Zaitsev 40 1 2 2
Penalty Kill 4 Players Forward
Center Wing Time % Phy DF OF
1 Isac Lundestrom Brad Marchand 60 1 2 2
2 Nico Hischier Barrett Hayton 40 1 2 2
Penalty Kill 4 Players Defense
Defense Defense Time % Phy DF OF
1 Erik Cernak Nikita Zaitsev 60 1 2 2
2 Connor Murphy Nick Jensen 40 1 2 2
Penalty Kill - 3 Players Forward
Forward Time % Phy DF OF
1 Isac Lundestrom 60 1 2 2
2 Brad Marchand 40 1 2 2
Penalty Kill - 3 Players Defense
Defense Defense Time % Phy DF OF
1 Erik Cernak Nikita Zaitsev 60 1 2 2
2 Connor Murphy Nick Jensen 40 1 2 2
4 vs 4 Forward
Center Wing Time % Phy DF OF
1 Brayden Point Alex Ovechkin 60 1 2 2
2 Nico Hischier Patrick Kane 40 1 2 2
4 vs 4 Defense
Defense Defense Time % Phy DF OF
1 John Carlson Erik Cernak 60 1 2 2
2 Connor Murphy Nikita Zaitsev 40 1 2 2
Last Minutes Offensive
Center Left Wing Right Wing Defense Defense
Brayden Point Alex Ovechkin Patrick Kane John Carlson Erik Cernak
Last Minutes Defensive
Center Left Wing Right Wing Defense Defense
Isac Lundestrom Barrett Hayton Brad Marchand John Carlson Erik Cernak
Goaltenders
Starting : Vitek Vanecek
Backup : Jake Oettinger
Extra Forwards
Normal : Isac Lundestrom, Drake Batherson, Jordan Kyrou - PP : Isac Lundestrom, Drake Batherson - PK : Jordan Kyrou
Extra Defensemen
Normal : Ian Cole, Erik Cernak, Connor Murphy - PP : Ian Cole - PK : Erik Cernak, Connor Murphy
Penalty Shots
Brayden Point, Alex Ovechkin, Patrick Kane, Brad Marchand, Jason Robertson
Chicago Black Hawks
5 vs 5 Forward
Center Left Wing Right Wing Time % Phy DF OF
1 Steven Stamkos Matt Duchene Matthew Tkachuk 40 0 1 4
2 Bo Horvat Travis Konecny Chris Kreider 30 1 1 3
3 Phillip Danault Nikolaj Ehlers Vladimir Tarasenko 20 0 2 3
4 Pius Suter Bryan Rust Lawson Crouse 10 0 3 2
5 vs 5 Defense
Defense Defense Time % Phy DF OF
1 Brent Burns Mikhail Sergachev 35 0 3 2
2 Seth Jones Devon Toews 35 0 3 2
3 Rasmus Andersson Nicolas Hague 30 0 4 1
4 Devon Toews Rasmus Andersson 0 0 2 3
PowerPlay Forward
Center Left Wing Right Wing Time % Phy DF OF
1 Steven Stamkos Vladimir Tarasenko Matt Duchene 60 0 0 5
2 Bo Horvat Matthew Tkachuk Chris Kreider 40 0 0 5
PowerPlay Defense
Defense Defense Time % Phy DF OF
1 Brent Burns Seth Jones 60 0 0 5
2 Devon Toews Mikhail Sergachev 40 0 0 5
Penalty Kill 4 Players Forward
Center Wing Time % Phy DF OF
1 Pius Suter Lawson Crouse 60 0 5 0
2 Phillip Danault Chris Kreider 40 0 5 0
Penalty Kill 4 Players Defense
Defense Defense Time % Phy DF OF
1 Devon Toews Seth Jones 60 0 5 0
2 Brent Burns Mikhail Sergachev 40 0 5 0
Penalty Kill - 3 Players Forward
Forward Time % Phy DF OF
1 Pius Suter 60 0 5 0
2 Phillip Danault 40 0 5 0
Penalty Kill - 3 Players Defense
Defense Defense Time % Phy DF OF
1 Seth Jones Mikhail Sergachev 60 0 5 0
2 Devon Toews Nicolas Hague 40 0 5 0
4 vs 4 Forward
Center Wing Time % Phy DF OF
1 Phillip Danault Nikolaj Ehlers 60 0 2 3
2 Bo Horvat Bryan Rust 40 0 2 3
4 vs 4 Defense
Defense Defense Time % Phy DF OF
1 Nicolas Hague Seth Jones 60 0 4 1
2 Devon Toews Brent Burns 40 0 2 3
Last Minutes Offensive
Center Left Wing Right Wing Defense Defense
Steven Stamkos Vladimir Tarasenko Matthew Tkachuk Brent Burns Devon Toews
Last Minutes Defensive
Center Left Wing Right Wing Defense Defense
Pius Suter Lawson Crouse Phillip Danault Seth Jones Brent Burns
Goaltenders
Starting : Jordan Binnington
Backup : Ilya Sorokin
Extra Forwards
Normal : Lawson Crouse, Vladimir Tarasenko, Phillip Danault - PP : Bo Horvat, Nikolaj Ehlers - PK : Bo Horvat
Extra Defensemen
Normal : Seth Jones, Nicolas Hague, Devon Toews - PP : Seth Jones - PK : Nicolas Hague, Devon Toews
Penalty Shots
Phillip Danault, Matt Duchene, Devon Toews, Bo Horvat, Pius Suter
% Time on Ice - Washington Capitals
Lines # - Real PCT - Wanted PCT - Time Play
Normal Forward
1 - 34% - 40% - 17:50
2 - 28% - 30% - 14:28
3 - 21% - 20% - 11:07
4 - 16% - 10% - 8:29
Normal Defense
1 - 38% - 40% - 19:57
2 - 33% - 30% - 17:23
3 - 22% - 20% - 11:15
4 - 6% - 10% - 3:19
PP Forward
1 - 52% - 60% - 1:02
2 - 48% - 40% - 0:57
PP Defense
1 - 51% - 60% - 1:01
2 - 49% - 40% - 0:58
PK Forward
1 - 67% - 60% - 3:21
2 - 33% - 40% - 1:38
PK Defense
1 - 64% - 60% - 3:10
2 - 36% - 40% - 1:49
PK3 Forward
1 - 0% - 60%
2 - 0% - 40%
PK3 Defense
1 - 0% - 60%
2 - 0% - 40%
44 Forward
1 - 0% - 60%
2 - 0% - 40%
44 Defense
1 - 0% - 60%
2 - 0% - 40%
Last Minute Offensive - 0:00
Last Minute Defensive - 1:08
Total
Forward - 60:00
Defense - 60:00
|
% Time on Ice - Chicago Black Hawks
Lines # - Real PCT - Wanted PCT - Time Play
Normal Forward
1 - 33% - 40% - 17:04
2 - 27% - 30% - 14:14
3 - 24% - 20% - 12:17
4 - 16% - 10% - 8:19
Normal Defense
1 - 35% - 35% - 18:18
2 - 35% - 35% - 17:59
3 - 29% - 30% - 15:08
4 - 1% - 0% - 0:29
PP Forward
1 - 56% - 60% - 2:47
2 - 44% - 40% - 2:12
PP Defense
1 - 68% - 60% - 3:23
2 - 32% - 40% - 1:36
PK Forward
1 - 100% - 60% - 1:59
2 - 0% - 40% - 0:00
PK Defense
1 - 58% - 60% - 1:09
2 - 42% - 40% - 0:50
PK3 Forward
1 - 0% - 60%
2 - 0% - 40%
PK3 Defense
1 - 0% - 60%
2 - 0% - 40%
44 Forward
1 - 0% - 60%
2 - 0% - 40%
44 Defense
1 - 0% - 60%
2 - 0% - 40%
Last Minute Offensive - 1:08
Last Minute Defensive - 0:00
Total
Forward - 60:00
Defense - 60:00
|
Play-by-Play
1st period
0:01 of 1st period - Brayden Point wins face-off versus Steven Stamkos in neutral zone.
0:08 of 1st period - Mikhail Sergachev is hit by Brayden Point and loses puck.
0:15 of 1st period - Wrist shot by Alex Ovechkin.
0:15 of 1st period - Stopped by Jordan Binnington with a rebound.
0:17 of 1st period - Slapshot by John Carlson.
0:17 of 1st period - Shot Blocked by Matthew Tkachuk.
1:19 of 1st period - Wrist shot by Jordan Kyrou.
1:19 of 1st period - Stopped by Jordan Binnington with a rebound.
1:21 of 1st period - Slapshot by Connor Murphy.
1:21 of 1st period - Stopped by Jordan Binnington without a rebound.
1:22 of 1st period - Steven Stamkos wins face-off versus Owen Tippett in Chicago Black Hawks zone.
1:37 of 1st period - Snap shot by Steven Stamkos.
1:37 of 1st period - Shot Blocked by Isac Lundestrom.
2:45 of 1st period - Snap shot by Lawson Crouse.
2:45 of 1st period - Stopped by Vitek Vanecek with a rebound.
2:47 of 1st period - Wrist shot by Rasmus Andersson.
2:47 of 1st period - Stopped by Vitek Vanecek without a rebound.
2:48 of 1st period - Brayden Point wins face-off versus Matt Duchene in Washington Capitals zone.
2:53 of 1st period - Snap shot by Brayden Point.
2:53 of 1st period - Shot Misses the Net.
3:23 of 1st period - Snap shot by Vladimir Tarasenko.
3:23 of 1st period - Goal by Vladimir Tarasenko - Washington Capitals : 0 - Chicago Black Hawks : 1.
3:24 of 1st period - Nico Hischier wins face-off versus Steven Stamkos in neutral zone.
3:52 of 1st period - Off-side.
3:53 of 1st period - Brayden Point wins face-off versus Bo Horvat in neutral zone.
4:02 of 1st period - Snap shot by Patrick Kane.
4:02 of 1st period - Deflect By Brayden Point.
4:02 of 1st period - Stopped by Jordan Binnington with a rebound.
4:08 of 1st period - Snap shot by Brayden Point.
4:08 of 1st period - Shot Misses the Net.
4:10 of 1st period - Wrist shot by Ian Cole.
4:10 of 1st period - Stopped by Jordan Binnington with a rebound.
4:12 of 1st period - Slapshot by Nick Jensen.
4:12 of 1st period - Shot Blocked by Bo Horvat.
4:24 of 1st period - Slapshot by Travis Konecny.
4:24 of 1st period - Stopped by Vitek Vanecek with a rebound.
4:30 of 1st period - Wrist shot by Brayden Point.
4:30 of 1st period - Shot Misses the Net.
4:34 of 1st period - Snap shot by Patrick Kane.
4:34 of 1st period - Stopped by Jordan Binnington with a rebound.
4:36 of 1st period - Slapshot by John Carlson.
4:36 of 1st period - Shot Blocked by Mikhail Sergachev.
4:38 of 1st period - Backhand shot by John Carlson.
4:38 of 1st period - Deflect By Alex Ovechkin.
4:38 of 1st period - Shot Blocked by Brent Burns.
4:38 of 1st period - Puck is out of play.
4:39 of 1st period - Steven Stamkos wins face-off versus Nico Hischier in Chicago Black Hawks zone.
4:44 of 1st period - Nico Hischier is hit by Matthew Tkachuk and loses puck.
5:17 of 1st period - Slapshot by Nikolaj Ehlers.
5:17 of 1st period - Stopped by Vitek Vanecek with a rebound.
5:19 of 1st period - Wrist shot by Nikolaj Ehlers.
5:19 of 1st period - Deflect By Connor Murphy.
5:19 of 1st period - Stopped by Vitek Vanecek without a rebound.
5:20 of 1st period - Nico Hischier wins face-off versus Pius Suter in Washington Capitals zone.
5:31 of 1st period - Snap shot by Jason Robertson.
5:31 of 1st period - Shot Misses the Net.
5:33 of 1st period - Snap shot by Nico Hischier.
5:33 of 1st period - Goal by Nico Hischier - Washington Capitals : 1 - Chicago Black Hawks : 1.
5:34 of 1st period - Brayden Point wins face-off versus Steven Stamkos in neutral zone.
6:01 of 1st period - Brad Marchand is hit by Vladimir Tarasenko and loses puck.
6:06 of 1st period - Snap shot by Nikolaj Ehlers.
6:06 of 1st period - Stopped by Vitek Vanecek with a rebound.
6:08 of 1st period - Slapshot by Phillip Danault.
6:08 of 1st period - Shot Misses the Net.
6:10 of 1st period - Slapshot by Nicolas Hague.
6:10 of 1st period - Shot Misses the Net.
6:12 of 1st period - Slapshot by Nicolas Hague.
6:12 of 1st period - Stopped by Vitek Vanecek without a rebound.
6:13 of 1st period - Barrett Hayton wins face-off versus Bo Horvat in Washington Capitals zone.
6:13 of 1st period - Barrett Hayton is hit by Travis Konecny.
6:35 of 1st period - Minor Penalty to Jordan Kyrou for Hooking.
6:36 of 1st period - Steven Stamkos wins face-off versus Isac Lundestrom in Washington Capitals zone.
6:43 of 1st period - Wrist shot by Matt Duchene.
6:43 of 1st period - Deflect By Steven Stamkos.
6:43 of 1st period - Goal by Steven Stamkos - Washington Capitals : 1 - Chicago Black Hawks : 2.
6:44 of 1st period - Steven Stamkos wins face-off versus Brayden Point in neutral zone.
7:11 of 1st period - Devon Toews is hit by Erik Cernak and loses puck.
7:40 of 1st period - Snap shot by Nikolaj Ehlers.
7:40 of 1st period - Stopped by Vitek Vanecek with a rebound.
8:08 of 1st period - Matt Duchene is hit by Nikita Zaitsev and loses puck.
8:16 of 1st period - Icing by Nicolas Hague.
8:17 of 1st period - Bo Horvat wins face-off versus Brayden Point in Chicago Black Hawks zone.
8:24 of 1st period - Patrick Kane is hit by Rasmus Andersson and loses puck.
8:46 of 1st period - Off-side.
8:47 of 1st period - Nico Hischier wins face-off versus Steven Stamkos in neutral zone.
8:49 of 1st period - Minor Penalty to Jason Robertson for Tripping.
8:50 of 1st period - Isac Lundestrom wins face-off versus Vladimir Tarasenko in Washington Capitals zone.
8:50 of 1st period - Isac Lundestrom is hit by Steven Stamkos.
9:23 of 1st period - Nikita Zaitsev is hit by Bo Horvat and loses puck.
9:54 of 1st period - Connor Murphy is hit by Matthew Tkachuk and loses puck.
10:02 of 1st period - Icing by Mikhail Sergachev.
10:03 of 1st period - Bo Horvat wins face-off versus Nico Hischier in Chicago Black Hawks zone.
10:17 of 1st period - Off-side.
10:18 of 1st period - Steven Stamkos wins face-off versus Nico Hischier in neutral zone.
10:49 of 1st period - Penalty to Jason Robertson is over, Jason Robertson is back on ice.
11:29 of 1st period - Slapshot by Matthew Tkachuk.
11:29 of 1st period - Stopped by Vitek Vanecek with a rebound.
11:51 of 1st period - Snap shot by Matthew Tkachuk.
11:51 of 1st period - Stopped by Vitek Vanecek without a rebound.
11:52 of 1st period - Phillip Danault wins face-off versus Barrett Hayton in Washington Capitals zone.
12:09 of 1st period - Wrist shot by Nikolaj Ehlers.
12:09 of 1st period - Stopped by Vitek Vanecek without a rebound.
12:10 of 1st period - Brayden Point wins face-off versus Pius Suter in Washington Capitals zone.
12:37 of 1st period - Phillip Danault is hit by Jordan Kyrou and loses puck.
12:48 of 1st period - Jordan Kyrou is hit by Nikolaj Ehlers and loses puck.
13:16 of 1st period - Pius Suter is hit by Ian Cole and loses puck.
13:21 of 1st period - Wrist shot by Brayden Point.
13:21 of 1st period - Stopped by Jordan Binnington without a rebound.
13:22 of 1st period - Phillip Danault wins face-off versus Brayden Point in Chicago Black Hawks zone.
13:33 of 1st period - Snap shot by Vladimir Tarasenko.
13:33 of 1st period - Shot Misses the Net.
14:11 of 1st period - Snap shot by Matthew Tkachuk.
14:11 of 1st period - Stopped by Vitek Vanecek without a rebound.
14:12 of 1st period - Steven Stamkos wins face-off versus Jason Robertson in Washington Capitals zone.
14:37 of 1st period - Nikolaj Ehlers is hit by Brayden Point.
15:22 of 1st period - Minor Penalty to Ian Cole for Holding.
15:23 of 1st period - Isac Lundestrom wins face-off versus Steven Stamkos in Washington Capitals zone.
16:00 of 1st period - Snap shot by Bo Horvat.
16:00 of 1st period - Deflect By Matthew Tkachuk.
16:00 of 1st period - Goal by Matthew Tkachuk - Washington Capitals : 1 - Chicago Black Hawks : 3.
16:01 of 1st period - Steven Stamkos wins face-off versus Nico Hischier in neutral zone.
16:28 of 1st period - Seth Jones is hit by Brayden Point and loses puck.
16:37 of 1st period - Slapshot by Brayden Point.
16:37 of 1st period - Deflect By Alex Ovechkin.
16:37 of 1st period - Stopped by Jordan Binnington with a rebound.
17:03 of 1st period - Wrist shot by Pius Suter.
17:03 of 1st period - Stopped by Vitek Vanecek without a rebound.
17:04 of 1st period - Nico Hischier wins face-off versus Steven Stamkos in Washington Capitals zone.
17:18 of 1st period - Snap shot by Nico Hischier.
17:18 of 1st period - Goal by Nico Hischier - Washington Capitals : 2 - Chicago Black Hawks : 3.
17:19 of 1st period - Nico Hischier wins face-off versus Steven Stamkos in neutral zone.
17:58 of 1st period - Slapshot by Nikolaj Ehlers.
17:58 of 1st period - Shot Misses the Net.
18:10 of 1st period - Brent Burns is hit by Drake Batherson and loses puck.
18:34 of 1st period - Snap shot by Lawson Crouse.
18:34 of 1st period - Stopped by Vitek Vanecek without a rebound.
18:35 of 1st period - Lawson Crouse wins face-off versus Owen Tippett in Washington Capitals zone.
18:42 of 1st period - Lawson Crouse is hit by Fabian Zetterlund and loses puck.
19:30 of 1st period - Snap shot by Lawson Crouse.
19:30 of 1st period - Deflect By Bryan Rust.
19:30 of 1st period - Stopped by Vitek Vanecek without a rebound.
19:31 of 1st period - Nico Hischier wins face-off versus Steven Stamkos in Washington Capitals zone.
19:57 of 1st period - Alex Ovechkin is hit by Travis Konecny and loses puck.
Goals for this period are 2 for Washington Capitals vs 3 for Chicago Black Hawks.
Shots for this period are 10 for Washington Capitals vs 18 for Chicago Black Hawks.
2nd period
0:01 of 2nd period - Steven Stamkos wins face-off versus Nico Hischier in neutral zone.
0:04 of 2nd period - Snap shot by Matt Duchene.
0:04 of 2nd period - Shot Misses the Net.
0:27 of 2nd period - Minor Penalty to Erik Cernak for Tripping.
0:28 of 2nd period - Steven Stamkos wins face-off versus Isac Lundestrom in Washington Capitals zone.
1:29 of 2nd period - Icing by Bo Horvat.
1:30 of 2nd period - Bo Horvat wins face-off versus Nico Hischier in Chicago Black Hawks zone.
1:57 of 2nd period - Vladimir Tarasenko is hit by Ian Cole.
2:27 of 2nd period - Penalty to Erik Cernak is over, Erik Cernak is back on ice.
2:39 of 2nd period - Wrist shot by Patrick Kane.
2:39 of 2nd period - Shot Blocked by Mikhail Sergachev.
2:53 of 2nd period - Devon Toews is hit by Drake Batherson and loses puck.
3:08 of 2nd period - Slapshot by Pius Suter.
3:08 of 2nd period - Stopped by Vitek Vanecek without a rebound.
3:09 of 2nd period - Nico Hischier wins face-off versus Phillip Danault in Washington Capitals zone.
4:39 of 2nd period - Minor Penalty to Lawson Crouse for Roughing.
4:40 of 2nd period - Pius Suter wins face-off versus Patrick Kane in Chicago Black Hawks zone.
5:33 of 2nd period - Matthew Tkachuk is hit by Connor Murphy and loses puck.
6:39 of 2nd period - Penalty to Lawson Crouse is over, Lawson Crouse is back on ice.
7:26 of 2nd period - Wrist shot by Pius Suter.
7:26 of 2nd period - Shot Misses the Net.
7:51 of 2nd period - Patrick Kane is hit by Travis Konecny and loses puck.
8:04 of 2nd period - Snap shot by Alex Ovechkin.
8:04 of 2nd period - Shot Misses the Net.
8:10 of 2nd period - Nick Jensen is hit by Seth Jones and loses puck.
9:00 of 2nd period - Lawson Crouse is hit by Connor Murphy and loses puck.
10:04 of 2nd period - Wrist shot by Vladimir Tarasenko.
10:04 of 2nd period - Stopped by Vitek Vanecek with a rebound.
10:23 of 2nd period - Bryan Rust is hit by Nikita Zaitsev and loses puck.
10:45 of 2nd period - Isac Lundestrom is hit by Travis Konecny and loses puck.
10:54 of 2nd period - Slapshot by Travis Konecny.
10:54 of 2nd period - Stopped by Vitek Vanecek with a rebound.
11:11 of 2nd period - Nick Jensen is hit by Rasmus Andersson and loses puck.
11:26 of 2nd period - Steven Stamkos is hit by Patrick Kane and loses puck.
11:33 of 2nd period - Wrist shot by Alex Ovechkin.
11:33 of 2nd period - Shot Misses the Net.
11:35 of 2nd period - Wrist shot by Alex Ovechkin.
11:35 of 2nd period - Deflect By Matthew Tkachuk.
11:35 of 2nd period - Shot Misses the Net.
11:35 of 2nd period - Puck is out of play.
11:36 of 2nd period - Chris Kreider wins face-off versus Brayden Point in Chicago Black Hawks zone.
11:47 of 2nd period - Bo Horvat is hit by Ian Cole and loses puck.
12:02 of 2nd period - Matt Duchene is hit by Brad Marchand and loses puck.
12:33 of 2nd period - Seth Jones is hit by Drake Batherson.
12:52 of 2nd period - Isac Lundestrom is hit by Travis Konecny and loses puck.
12:57 of 2nd period - Slapshot by Bo Horvat.
12:57 of 2nd period - Stopped by Vitek Vanecek without a rebound.
12:58 of 2nd period - Patrick Kane wins face-off versus Steven Stamkos in Washington Capitals zone.
13:15 of 2nd period - Wrist shot by Matt Duchene.
13:15 of 2nd period - Deflect By Steven Stamkos.
13:15 of 2nd period - Stopped by Vitek Vanecek without a rebound.
13:16 of 2nd period - Bo Horvat wins face-off versus Nico Hischier in Washington Capitals zone.
13:26 of 2nd period - Icing by Erik Cernak.
13:27 of 2nd period - Nico Hischier wins face-off versus Steven Stamkos in Washington Capitals zone.
13:40 of 2nd period - Backhand shot by Brad Marchand.
13:40 of 2nd period - Stopped by Jordan Binnington with a rebound.
13:48 of 2nd period - Snap shot by Brad Marchand.
13:48 of 2nd period - Stopped by Jordan Binnington with a rebound.
14:08 of 2nd period - Wrist shot by Jason Robertson.
14:08 of 2nd period - Goal by Jason Robertson - Washington Capitals : 3 - Chicago Black Hawks : 3.
14:09 of 2nd period - Brayden Point wins face-off versus Steven Stamkos in neutral zone.
14:14 of 2nd period - Devon Toews is hit by Patrick Kane and loses puck.
14:39 of 2nd period - Wrist shot by Nico Hischier.
14:39 of 2nd period - Shot Misses the Net.
14:41 of 2nd period - Snap shot by Jason Robertson.
14:41 of 2nd period - Shot Misses the Net.
14:43 of 2nd period - Snap shot by John Carlson.
14:43 of 2nd period - Shot Misses the Net.
14:45 of 2nd period - Slapshot by Erik Cernak.
14:45 of 2nd period - Stopped by Jordan Binnington with a rebound.
14:47 of 2nd period - Slapshot by John Carlson.
14:47 of 2nd period - Deflect By Matthew Tkachuk.
14:47 of 2nd period - Stopped by Jordan Binnington with a rebound.
15:30 of 2nd period - Icing by Vladimir Tarasenko.
15:31 of 2nd period - Patrick Kane wins face-off versus Phillip Danault in Chicago Black Hawks zone.
16:30 of 2nd period - Wrist shot by Alex Ovechkin.
16:30 of 2nd period - Shot Blocked by Seth Jones.
16:32 of 2nd period - Snap shot by Connor Murphy.
16:32 of 2nd period - Shot Misses the Net.
16:34 of 2nd period - Snap shot by Patrick Kane.
16:34 of 2nd period - Shot Blocked by Seth Jones.
16:36 of 2nd period - Wrist shot by Alex Ovechkin.
16:36 of 2nd period - Shot Blocked by Phillip Danault.
16:38 of 2nd period - Slapshot by Nikita Zaitsev.
16:38 of 2nd period - Stopped by Jordan Binnington with a rebound.
16:42 of 2nd period - Snap shot by Brayden Point.
16:42 of 2nd period - Stopped by Jordan Binnington with a rebound.
16:44 of 2nd period - Snap shot by Patrick Kane.
16:44 of 2nd period - Shot Misses the Net.
16:46 of 2nd period - Snap shot by Alex Ovechkin.
16:46 of 2nd period - Shot Blocked by Devon Toews.
17:00 of 2nd period - Wrist shot by Patrick Kane.
17:00 of 2nd period - Shot Misses the Net.
17:02 of 2nd period - Slapshot by Nikita Zaitsev.
17:02 of 2nd period - Stopped by Jordan Binnington with a rebound.
17:04 of 2nd period - Snap shot by Patrick Kane.
17:04 of 2nd period - Stopped by Jordan Binnington with a rebound.
17:06 of 2nd period - Snap shot by Nikita Zaitsev.
17:06 of 2nd period - Stopped by Jordan Binnington with a rebound.
17:08 of 2nd period - Snap shot by Connor Murphy.
17:08 of 2nd period - Deflect By Seth Jones.
17:08 of 2nd period - Stopped by Jordan Binnington with a rebound.
17:10 of 2nd period - Slapshot by Nikita Zaitsev.
17:10 of 2nd period - Stopped by Jordan Binnington with a rebound.
17:12 of 2nd period - Snap shot by Alex Ovechkin.
17:12 of 2nd period - Goal by Alex Ovechkin - Washington Capitals : 4 - Chicago Black Hawks : 3.
17:13 of 2nd period - Nico Hischier wins face-off versus Steven Stamkos in neutral zone.
17:24 of 2nd period - Nico Hischier is hit by Mikhail Sergachev and loses puck.
18:09 of 2nd period - Snap shot by Jason Robertson.
18:09 of 2nd period - Stopped by Jordan Binnington with a rebound.
18:11 of 2nd period - Snap shot by Jason Robertson.
18:11 of 2nd period - Shot Misses the Net.
18:13 of 2nd period - Slapshot by Erik Cernak.
18:13 of 2nd period - Stopped by Jordan Binnington with a rebound.
18:15 of 2nd period - Slapshot by John Carlson.
18:15 of 2nd period - Shot Hit the Post.
18:17 of 2nd period - Wrist shot by Erik Cernak.
18:17 of 2nd period - Goal by Erik Cernak - Washington Capitals : 5 - Chicago Black Hawks : 3.
18:18 of 2nd period - Barrett Hayton wins face-off versus Travis Konecny in neutral zone.
18:29 of 2nd period - Wrist shot by Travis Konecny.
18:29 of 2nd period - Goal by Travis Konecny - Washington Capitals : 5 - Chicago Black Hawks : 4.
18:30 of 2nd period - Brayden Point wins face-off versus Steven Stamkos in neutral zone.
19:40 of 2nd period - Wrist shot by Brayden Point.
19:40 of 2nd period - Stopped by Jordan Binnington with a rebound.
19:42 of 2nd period - Slapshot by Ian Cole.
19:42 of 2nd period - Deflect By Alex Ovechkin.
19:42 of 2nd period - Shot Misses the Net.
19:42 of 2nd period - Puck is out of play.
19:43 of 2nd period - Brayden Point wins face-off versus Steven Stamkos in Chicago Black Hawks zone.
19:44 of 2nd period - Snap shot by Patrick Kane.
19:44 of 2nd period - Shot Misses the Net.
Goals for this period are 3 for Washington Capitals vs 1 for Chicago Black Hawks.
Shots for this period are 17 for Washington Capitals vs 6 for Chicago Black Hawks.
3rd period
0:01 of 3rd period - Steven Stamkos wins face-off versus Brayden Point in neutral zone.
0:30 of 3rd period - Snap shot by Brad Marchand.
0:30 of 3rd period - Shot Misses the Net.
0:32 of 3rd period - Slapshot by John Carlson.
0:32 of 3rd period - Stopped by Jordan Binnington without a rebound.
0:33 of 3rd period - Bo Horvat wins face-off versus Nico Hischier in Chicago Black Hawks zone.
0:56 of 3rd period - Slapshot by Travis Konecny.
0:56 of 3rd period - Shot Misses the Net.
1:52 of 3rd period - Snap shot by Nico Hischier.
1:52 of 3rd period - Deflect By Brad Marchand.
1:52 of 3rd period - Stopped by Jordan Binnington with a rebound.
1:54 of 3rd period - Wrist shot by Jason Robertson.
1:54 of 3rd period - Stopped by Jordan Binnington with a rebound.
1:56 of 3rd period - Slapshot by Connor Murphy.
1:56 of 3rd period - Stopped by Jordan Binnington with a rebound.
1:58 of 3rd period - Slapshot by Brad Marchand.
1:58 of 3rd period - Shot Blocked by Chris Kreider.
2:00 of 3rd period - Slapshot by Connor Murphy.
2:00 of 3rd period - Shot Blocked by Chris Kreider.
2:02 of 3rd period - Slapshot by Nikita Zaitsev.
2:02 of 3rd period - Deflect By Brad Marchand.
2:02 of 3rd period - Shot Misses the Net.
2:02 of 3rd period - Puck is out of play.
2:03 of 3rd period - Brayden Point wins face-off versus Steven Stamkos in Chicago Black Hawks zone.
2:10 of 3rd period - Alex Ovechkin is hit by Matthew Tkachuk and loses puck.
2:33 of 3rd period - Off-side.
2:34 of 3rd period - Barrett Hayton wins face-off versus Pius Suter in neutral zone.
2:45 of 3rd period - Wrist shot by Drake Batherson.
2:45 of 3rd period - Stopped by Jordan Binnington without a rebound.
2:46 of 3rd period - Steven Stamkos wins face-off versus Alex Ovechkin in Chicago Black Hawks zone.
3:01 of 3rd period - Slapshot by Patrick Kane.
3:01 of 3rd period - Shot Blocked by Matthew Tkachuk.
3:03 of 3rd period - Snap shot by John Carlson.
3:03 of 3rd period - Stopped by Jordan Binnington with a rebound.
3:13 of 3rd period - Erik Cernak is hit by Phillip Danault and loses puck.
3:40 of 3rd period - Wrist shot by Lawson Crouse.
3:40 of 3rd period - Shot Misses the Net.
3:42 of 3rd period - Snap shot by Pius Suter.
3:42 of 3rd period - Shot Misses the Net.
3:44 of 3rd period - Slapshot by Brent Burns.
3:44 of 3rd period - Stopped by Vitek Vanecek without a rebound.
3:45 of 3rd period - Brayden Point wins face-off versus Steven Stamkos in Washington Capitals zone.
4:12 of 3rd period - Jason Robertson is hit by Nicolas Hague and loses puck.
5:22 of 3rd period - Wrist shot by Patrick Kane.
5:22 of 3rd period - Stopped by Jordan Binnington with a rebound.
5:26 of 3rd period - Wrist shot by Patrick Kane.
5:26 of 3rd period - Stopped by Jordan Binnington without a rebound.
5:27 of 3rd period - Bo Horvat wins face-off versus Brayden Point in Chicago Black Hawks zone.
6:04 of 3rd period - Nicolas Hague is hit by Connor Murphy and loses puck.
6:31 of 3rd period - Brent Burns is hit by Drake Batherson and loses puck.
6:56 of 3rd period - Brent Burns is hit by Erik Cernak.
7:26 of 3rd period - Snap shot by Chris Kreider.
7:26 of 3rd period - Deflect By Travis Konecny.
7:26 of 3rd period - Shot Blocked by Erik Cernak.
7:26 of 3rd period - Puck is out of play.
7:27 of 3rd period - Bo Horvat wins face-off versus Brayden Point in Washington Capitals zone.
7:44 of 3rd period - Wrist shot by Bo Horvat.
7:44 of 3rd period - Stopped by Vitek Vanecek with a rebound.
8:21 of 3rd period - Minor Penalty to Barrett Hayton for Hooking.
8:22 of 3rd period - Isac Lundestrom wins face-off versus Steven Stamkos in Washington Capitals zone.
8:30 of 3rd period - Snap shot by Brent Burns.
8:30 of 3rd period - Shot Misses the Net.
8:32 of 3rd period - Snap shot by Vladimir Tarasenko.
8:32 of 3rd period - Stopped by Vitek Vanecek with a rebound.
8:34 of 3rd period - Wrist shot by Matt Duchene.
8:34 of 3rd period - Shot Blocked by Nikita Zaitsev.
8:36 of 3rd period - Snap shot by Steven Stamkos.
8:36 of 3rd period - Goal by Steven Stamkos - Washington Capitals : 5 - Chicago Black Hawks : 5.
8:37 of 3rd period - Brayden Point wins face-off versus Steven Stamkos in neutral zone.
9:04 of 3rd period - Jason Robertson is hit by Chris Kreider and loses puck.
9:25 of 3rd period - Slapshot by Nikolaj Ehlers.
9:25 of 3rd period - Stopped by Vitek Vanecek with a rebound.
9:27 of 3rd period - Snap shot by Phillip Danault.
9:27 of 3rd period - Deflect By Nikolaj Ehlers.
9:27 of 3rd period - Shot Misses the Net.
9:27 of 3rd period - Puck is out of play.
9:28 of 3rd period - Barrett Hayton wins face-off versus Phillip Danault in Washington Capitals zone.
9:41 of 3rd period - Slapshot by Drake Batherson.
9:41 of 3rd period - Stopped by Jordan Binnington with a rebound.
9:43 of 3rd period - Snap shot by Drake Batherson.
9:43 of 3rd period - Shot Misses the Net.
9:45 of 3rd period - Wrist shot by Jordan Kyrou.
9:45 of 3rd period - Goal by Jordan Kyrou - Washington Capitals : 6 - Chicago Black Hawks : 5.
9:46 of 3rd period - Steven Stamkos wins face-off versus Brayden Point in neutral zone.
11:24 of 3rd period - Icing by Brent Burns.
11:25 of 3rd period - Brayden Point wins face-off versus Steven Stamkos in Chicago Black Hawks zone.
11:54 of 3rd period - Slapshot by Brent Burns.
11:54 of 3rd period - Deflect By Steven Stamkos.
11:54 of 3rd period - Shot Blocked by John Carlson.
11:54 of 3rd period - Puck is out of play.
11:55 of 3rd period - Nico Hischier wins face-off versus Bo Horvat in Washington Capitals zone.
12:22 of 3rd period - Devon Toews is hit by Drake Batherson and loses puck.
12:45 of 3rd period - Wrist shot by Nikolaj Ehlers.
12:45 of 3rd period - Stopped by Vitek Vanecek with a rebound.
12:51 of 3rd period - Matt Duchene is hit by John Carlson and loses puck.
13:06 of 3rd period - Connor Murphy is hit by Matt Duchene and loses puck.
13:21 of 3rd period - Slapshot by Matt Duchene.
13:21 of 3rd period - Stopped by Vitek Vanecek without a rebound.
13:22 of 3rd period - Travis Konecny wins face-off versus Nico Hischier in Washington Capitals zone.
13:37 of 3rd period - Snap shot by Travis Konecny.
13:37 of 3rd period - Stopped by Vitek Vanecek with a rebound.
14:16 of 3rd period - Fabian Zetterlund is hit by Lawson Crouse and loses puck.
14:37 of 3rd period - Fabian Zetterlund is hit by Nicolas Hague and loses puck.
14:46 of 3rd period - Slapshot by Chris Kreider.
14:46 of 3rd period - Deflect By Travis Konecny.
14:46 of 3rd period - Stopped by Vitek Vanecek with a rebound.
14:48 of 3rd period - Snap shot by Travis Konecny.
14:48 of 3rd period - Stopped by Vitek Vanecek with a rebound.
15:52 of 3rd period - Slapshot by Bryan Rust.
15:52 of 3rd period - Stopped by Vitek Vanecek with a rebound.
16:12 of 3rd period - Brent Burns is hit by John Carlson and loses puck.
16:19 of 3rd period - Backhand shot by Alex Ovechkin.
16:19 of 3rd period - Deflect By Mikhail Sergachev.
16:19 of 3rd period - Shot Blocked by Mikhail Sergachev.
16:19 of 3rd period - Puck is out of play.
16:20 of 3rd period - Barrett Hayton wins face-off versus Steven Stamkos in Chicago Black Hawks zone.
16:25 of 3rd period - Backhand shot by Barrett Hayton.
16:25 of 3rd period - Shot Misses the Net.
16:27 of 3rd period - Snap shot by Nick Jensen.
16:27 of 3rd period - Stopped by Jordan Binnington without a rebound.
16:28 of 3rd period - Steven Stamkos wins face-off versus Barrett Hayton in Chicago Black Hawks zone.
16:33 of 3rd period - Wrist shot by Steven Stamkos.
16:33 of 3rd period - Stopped by Vitek Vanecek without a rebound.
16:34 of 3rd period - Barrett Hayton wins face-off versus Steven Stamkos in Washington Capitals zone.
17:34 of 3rd period - Wrist shot by Nikolaj Ehlers.
17:34 of 3rd period - Stopped by Vitek Vanecek with a rebound.
18:13 of 3rd period - Off-side.
18:14 of 3rd period - Pius Suter wins face-off versus Barrett Hayton in neutral zone.
18:19 of 3rd period - Slapshot by Lawson Crouse.
18:19 of 3rd period - Shot Blocked by Erik Cernak.
18:49 of 3rd period - Wrist shot by Bryan Rust.
18:49 of 3rd period - Stopped by Vitek Vanecek with a rebound.
18:51 of 3rd period - Slapshot by Rasmus Andersson.
18:51 of 3rd period - Deflect By Lawson Crouse.
18:51 of 3rd period - Shot Misses the Net.
18:51 of 3rd period - Puck is out of play.
18:52 of 3rd period - Jim Montgomery call a timeout for Chicago Black Hawks.
18:52 of 3rd period - Steven Stamkos wins face-off versus Isac Lundestrom in Washington Capitals zone.
19:05 of 3rd period - Chicago Black Hawks, Jordan Binnington is pulled from the net.
19:11 of 3rd period - Wrist shot by Matthew Tkachuk.
19:11 of 3rd period - Stopped by Vitek Vanecek with a rebound.
19:19 of 3rd period - Erik Cernak is hit by Steven Stamkos and loses puck.
19:56 of 3rd period - Snap shot by Matthew Tkachuk.
19:56 of 3rd period - Stopped by Vitek Vanecek with a rebound.
19:58 of 3rd period - Wrist shot by Steven Stamkos.
19:58 of 3rd period - Shot Blocked by John Carlson.
Goals for this period are 1 for Washington Capitals vs 1 for Chicago Black Hawks.
Shots for this period are 11 for Washington Capitals vs 16 for Chicago Black Hawks.
Back to the Top